 Dungeon Crawl Stone Soup version 0.19.0-24-gb05acd6 (webtiles) character file.

4044 ChaseSP the Transmogrifier (level 10, -4/45 HPs)
             Began as a Vine Stalker Transmuter on Nov 22, 2016.
             Was a Believer of Hepliaklqana.
             Killed by the air
             ... invoked by Gastronok
              (19 damage)
             ... on level 8 of the Dungeon.
             The game lasted 00:22:04 (8489 turns).

ChaseSP the Transmogrifier (VSTm)                   Turns: 8489, Time: 00:22:04

Health: -4/45      AC:  6    Str: 13    XL:     10   Next: 24%
Magic:  0/14       EV: 23    Int: 13    God:    Hepliaklqana [**....]
Gold:   343        SH:  0    Dex: 23    Spells: 4 memorised, 3 levels left

rFire  . . .     SeeInvis .       - Unarmed
rCold  . . .     Gourm    .     (armour currently unavailable)
rNeg   . . .     Faith    +     (shield currently unavailable)
rPois  x         Spirit   +     (helmet currently unavailable)
rElec  .         Reflect  .     (cloak currently unavailable)
rCorr  .         Harm     .     (gloves currently unavailable)
MR     +....                    (boots currently unavailable)
Stlth  ++........               h - amulet of faith
                                (no ring)
                                t - +4 ring of protection

@: spider-form
A: reduced essence, (fangs 0), (slimy green scales 0), regeneration 1, magic
shield, (antimagic bite), no device heal 3, rot immunity
a: End Transformation, Recall Ancestor, Ancestor Identity, Renounce Religion


You were on level 8 of the Dungeon.
You worshipped Hepliaklqana.
Hepliaklqana was pleased with you.
You were not hungry.
You were a venomous arachnid creature.
You visited 2 branches of the dungeon, and saw 9 of its levels.

You collected 343 gold pieces.

Inventory:

Missiles
 a - 143 arrows
Armour
 k - a +1 cloak (melded)
 q - a +0 pair of gloves (melded)
 y - a +0 ring mail (melded)
 N - a +2 pair of boots (melded)
Jewellery
 h - an amulet of faith (around neck)
 t - a +4 ring of protection (left front leg)
Wands
 E - a wand of slowing (24/48)
 F - a wand of disintegration (14/24)
 M - a wand of heal wounds (4/9)
Scrolls
 f - a scroll of enchant weapon {unknown}
 j - a scroll of recharging {unknown}
 l - 4 scrolls of identify
 m - a scroll of blinking {unknown}
 n - 6 scrolls of remove curse
 u - a scroll of amnesia
 v - a scroll of magic mapping {unknown}
 A - a scroll of fog {unknown}
 D - a scroll of summoning {unknown}
 G - a scroll of noise {unknown}
 H - a scroll of enchant armour {unknown}
 J - a scroll of random uselessness {unknown}
Potions
 b - a potion of flight
 e - a potion of berserk rage
 i - a potion of lignification
 o - a potion of curing
 w - a potion of might
 x - 3 potions of degeneration
 z - a potion of magic
 B - a potion of cure mutation
 I - a potion of agility
Books
 c - a book of Changes

   Spells                             Type                      Level
   a - Beastly Appendage              Transmutation                1
   b - Sticks to Snakes               Transmutation                2
   c - Spider Form                    Transmutation/Poison         3
   d - Ice Form                       Ice/Transmutation            4
   e - Blade Hands                    Transmutation                5
Comestibles
 d - 8 bread rations
 g - 3 royal jellies
 p - 27 fruits
 r - 5 meat rations
 s - 2 slices of pizza
 K - 7 chunks of flesh
 L - a beef jerky


   Skills:
 + Level 4.7 Fighting
 - Level 4.3 Dodging
 - Level 6.0 Unarmed Combat
 - Level 2.1 Spellcasting
 * Level 9.0 Transmutations
 * Level 6.5 Ice Magic
 - Level 3.0 Poison Magic


You had 3 spell levels left.
You knew the following spells:

 Your Spells              Type           Power        Failure   Level  Hunger
a - Beastly Appendage     Tmut           ###...       4%          1    ##.....
b - Sticks to Snakes      Tmut           ###.....     4%          2    ###....
c - Spider Form           Tmut/Pois      ###.......   21%         3    ####...
d - Ice Form              Ice/Tmut       ###.....     28%         4    #####..


Dungeon Overview and Level Annotations

Branches:
Dungeon (8/15)             Temple (1/1) D:5
   Lair: D:8-11

Altars:
Ashenzari
Dithmenos
Fedhas
Gozag
Hepliaklqana
Kikubaaqudgha
Makhleb
Okawaru
Qazlal
Ru
Sif Muna
Uskayaw
Xom
Yredelemnul
Zin

Shops:
D:5 =

Annotations:
D:6 shinino's ghost, novice FoFi
D:8 Gastronok


Innate Abilities, Weirdness & Mutations

((You have razor-sharp teeth.))
Your natural rate of healing is unusually fast.
When hurt, damage is shared between your health and your magic reserves.
((Your bite disrupts and absorbs the magic of your enemies.))
Potions and wands cannot restore your health.
You are immune to rotting.
Your life essence is reduced. (-10% HP)
((You are partially covered in slimy green scales. (AC +2)))


Message History

Attack!
Gastronok gurgles, "Slow down, so I can eat you."
Cihuaton hits Gastronok with a quarterstaff!
You swap places.
Gastronok looks at you and mumbles some strange words.
You struggle to resist.
You hit Gastronok.
Gastronok is poisoned.
Gastronok is lightly wounded.
You hit Gastronok.
Gastronok looks as sick as possible!
Gastronok is lightly wounded.
Cihuaton hits Gastronok with a quarterstaff!!
Gastronok bites you!!!
Ouch! That really hurt!
You bite Gastronok!
Gastronok looks as sick as possible!
Gastronok is moderately wounded.
Cihuaton completely misses Gastronok.
Cihuaton hits Gastronok with a quarterstaff!
Gastronok waves his eye-stalks in wide circles.
The air twists around and strikes you!
You die...

....#### #######.##.# ........
#.....#....# ....###.
#.....#..######## ....# #####
#.....#.......... ....# .....
#.....#.######### ....##
......#.....#..........
.....##.......#.....#..########
....... ......w...†.'..........
##...## .....##Rs...#.[...#..#.
##.### ### #.....##........
...# #.....##..8...... ...#
#.....###........ ..[# #.....#
##....... ...# #.....# .......
##.# ####### ....... ##.#######
..........


You could see the friendly Cihuaton the battlemage and Gastronok.

Vanquished Creatures
  Pikel (D:6)
  Edmund (D:6)
  A slave (D:6)
  An ice beast (D:8)
  A phantom (D:5)
  A black bear (D:6)
  A necrophage (D:8)
  An ogre (D:5)
  2 bullfrogs
  A gnoll sergeant (D:4)
  4 scorpions
  3 killer bees
  4 wights (D:7)
  2 howler monkeys (D:6)
  2 crimson imps (D:5)
  A centaur zombie (D:7)
  An orc priest (D:2)
  A hound (D:8)
  7 orc wizards
  Crazy Yiuf (D:3)
  A centaur skeleton (D:6)
  2 iguanas
  A worker ant (D:8)
  A bullfrog simulacrum (D:8)
  A worker ant zombie (D:5)
  3 gnolls (D:5)
  15 adders
  A white imp (D:8)
  2 oozes
  An adder zombie (D:5)
  2 worms (D:2)
  2 dart slugs
  2 leopard geckos
  8 orcs
  2 ball pythons
  9 bats
  4 giant cockroaches
  13 goblins
  11 hobgoblins
  10 jackals
  5 kobolds
  6 quokkas
  7 frilled lizards
  11 rats
  A fungus (D:3)
158 creatures vanquished.

Vanquished Creatures (collateral kills)
  Grinder (D:6)
  A hippogriff (D:8)
  The ghost of Yackwabbit the Cudgeler, an amateur OgBe of Trog (D:3)
  3 ice beasts (D:8)
  A slave (D:6)
  2 crocodiles (D:7)
  A bullfrog (D:7)
  A scorpion (D:7)
  2 killer bees (D:7)
  4 wights (D:7)
  An electric eel (D:8)
  A jelly (D:7)
  A hound (D:6)
  2 orc wizards (D:7)
  An iguana (D:8)
  A worker ant (D:5)
  A worker ant zombie (D:8)
  An adder (D:7)
  A shadow imp (D:6)
  2 orcs (D:7)
  2 jackals (D:7)
  A kobold (D:3)
  A fungus (D:3)
33 creatures vanquished.

Vanquished Creatures (others)
  An orc priest (D:6)
  4 ancestors
  3 orcs (D:6)
8 creatures vanquished.

Grand Total: 199 creatures vanquished

Notes
Turn   | Place    | Note
-------+----------+-------------------------------------------
     0 | D:1      | ChaseSP the Vine Stalker Transmuter began the quest for the Orb.
     0 | D:1      | Reached XP level 1. HP: 9/9 MP: 4/4
   158 | D:1      | Reached XP level 2. HP: 11/14 MP: 6/6
   489 | D:1      | Learned a level 2 spell: Sticks to Snakes
   551 | D:1      | Reached skill level 3 in Transmutations
   708 | D:1      | Reached XP level 3. HP: 3/17 MP: 1/7
  1002 | D:1      | Learned a level 3 spell: Spider Form
  1708 | D:2      | Found a glowing silver altar of Zin.
  1871 | D:2      | Gained mutation: Your natural rate of healing is unusually fast. [Vine Stalker growth]
  1871 | D:2      | Reached XP level 4. HP: 4/21 MP: 4/8
  1875 | D:2      | HP: 1/21 [poisoned by an adder]
  1881 | D:2      | HP: 1/21 [poisoned by an adder]
  1888 | D:2      | HP: 1/21 [poisoned by an adder]
  1893 | D:2      | HP: 1/21 [poisoned by an adder]
  1975 | D:2      | Found a blossoming altar of Fedhas.
  2105 | D:2      | Reached skill level 1 in Poison Magic
  2629 | D:3      | Reached skill level 4 in Transmutations
  2632 | D:3      | Noticed Yackwabbit's ghost (amateur OgBe)
  2714 | D:4      | Found an iron altar of Okawaru.
  2787 | D:4      | Reached XP level 5. HP: 25/25 MP: 9/9
  2839 | D:4      | Noticed a dagger
  2840 | D:4      | Found a hide-covered altar of Uskayaw.
  2840 | D:4      | Noticed a dagger
  3255 | D:3      | Found a sacrificial altar of Ru.
  3395 | D:3      | Gained mutation: You are partially covered in slimy green scales. (AC +2) [potion of beneficial mutation]
  3998 | D:2      | Reached XP level 6. HP: 29/29 MP: 7/10
  4117 | D:5      | Entered Level 5 of the Dungeon
  4242 | D:5      | Reached skill level 5 in Transmutations
  4376 | D:5      | Reached skill level 1 in Fighting
  4386 | D:5      | Noticed a phantom
  4410 | D:5      | Killed a phantom
  4410 | D:5      | Reached XP level 7. HP: 29/33 MP: 11/11
  4413 | D:5      | Learned a level 1 spell: Beastly Appendage
  4600 | D:5      | Found a staircase to the Ecumenical Temple.
  4646 | Temple   | Entered the Ecumenical Temple
  4661 | Temple   | Became a worshipper of Hepliaklqana the Forgotten
  4972 | D:5      | Found a shimmering altar of Xom.
  5024 | D:5      | Found a deep blue altar of Sif Muna.
  5077 | D:5      | Reached skill level 6 in Transmutations
  5124 | D:5      | Learned a level 4 spell: Ice Form
  5277 | D:5      | Found Zioth's Jewellery Shoppe.
  5404 | D:3      | Reached skill level 1 in Ice Magic
  5508 | D:3      | Gained mutation: You have razor-sharp teeth. [Vine Stalker growth]
  5508 | D:3      | Reached XP level 8. HP: 35/35 MP: 12/12
  5636 | D:3      | Found a runed door.
  5640 | D:3      | Noticed Crazy Yiuf
  5646 | D:3      | Killed Crazy Yiuf
  5796 | D:3      | Killed Yackwabbit's ghost
  5944 | D:6      | Noticed Edmund
  5954 | D:6      | Killed Edmund
  6105 | D:6      | Reached * piety under Hepliaklqana
  6115 | D:6      | Reached skill level 5 in Unarmed Combat
  6352 | D:6      | Noticed shinino's ghost (novice FoFi)
  6636 | D:6      | Found a burning altar of Makhleb.
  6668 | D:6      | Noticed Pikel
  6701 | D:6      | Killed Pikel
  6701 | D:6      | Reached skill level 7 in Transmutations
  6701 | D:6      | Reached XP level 9. HP: 29/39 MP: 5/13
  6772 | D:6      | Noticed Grinder
  6786 | D:6      | Killed Grinder
  7442 | D:7      | Reached skill level 8 in Transmutations
  7442 | D:7      | Reached skill level 5 in Ice Magic
  7595 | D:7      | Found a faded altar of an unknown god.
  7595 | D:7      | Found a faded altar of an unknown god.
  7601 | D:7      | Found an opulent altar of Gozag.
  7603 | D:7      | Found a faded altar of an unknown god.
  7604 | D:7      | Found a faded altar of an unknown god.
  7886 | D:7      | Reached ** piety under Hepliaklqana
  7887 | D:7      | Remembered your ancestor Cihuaton as a battlemage
  8007 | D:8      | Found a basalt altar of Yredelemnul.
  8243 | D:8      | Reached XP level 10. HP: 42/45 MP: 14/14
  8426 | D:8      | Reached skill level 9 in Transmutations
  8480 | D:8      | Noticed Gastronok
  8489 | D:8      | Killed from afar by Gastronok

Skill      XL: |  1  2  3  4  5  6  7  8  9 10 |
---------------+-------------------------------+-----
Transmutations | 3 4 5 6 7 8 9 |  9.0
Poison Magic   | 2 3 |  3.0
Unarmed Combat | 4 5 6 |  6.0
Dodging        | 2 3 4 |  4.3
Fighting       | 1 2 3 4 |  4.7
Ice Magic      | 1 4 5 6 |  6.5
Spellcasting   | |  2.1

Action                   |  1- 3 |  4- 6 |  7- 9 | 10-12 || total
-------------------------+-------+-------+-------+-------++-------
Melee: Unarmed           |   156 |   242 |   338 |    49 ||   785
       Bite              |    36 |    64 |    94 |    16 ||   210
       Headbutt          |     2 |     6 |    17 |     2 ||    27
       Kick              |     5 |       |       |       ||     5
       Punch             |       |     6 |     3 |     3 ||    12
 Cast: Beastly Appendage |     7 |     7 |    11 |     1 ||    26
       Spider Form       |       |     2 |     8 |     1 ||    11
       Sticks to Snakes  |       |     2 |     9 |       ||    11
Invok: Recall Ancestor   |       |       |     4 |       ||     4
       Ancestor Life: Ba |       |       |     1 |       ||     1
  Use: Potion            |     1 |     5 |     2 |       ||     8
       Scroll            |       |     7 |     6 |       ||    13
 Stab: Sleeping          |     2 |     2 |       |       ||     4
       Invisible         |       |       |     1 |       ||     1
       Distracted        |       |       |       |     2 ||     2
  Eat: Chunk             |     3 |     9 |    14 |     1 ||    27
       Fruit             |       |       |     1 |       ||     1
Armor: Robe              |    28 |       |       |       ||    28
       Leather armour    |     2 |    27 |       |       ||    29
       Ring mail         |       |    47 |   135 |    20 ||   202
Dodge: Dodged            |    98 |   125 |   221 |    20 ||   464
